AoeStats
← Erick14mar

Arena

510027922Analyzed
3v3 RM · 4d ago on Sep 29, 2026· 49m 49s· 6 players
Game mode
Random Map
Map size
Normal (6 player)
Population
200
Speed
Normal
Resources
Standard
Victory
Conquest
Starting age
Dark Age
Ending age
Imperial Age
RankedLock teamsTeams togetherTeam positionsShared explorationLock speedFull tech treeHidden civsTurbo modeCheats
Victory
Defeat
🇲🇽 Bohemians · Mexico
1556
+7
🇨🇴 Persians · Colombia
1499
+9
🇦🇷 Teutons · Argentina
1420
+11
🇵🇪 Teutons · Peru
1387
-11
🇺🇸 Burmese · United States
1367
-10
🇺🇸 Saxons · United States
1244
-6
Tom Bombadil
1:58 Loom
10:17 Feudal Age
15:08 Castle Age
14:02 Double-Bit Axe
14:17 Horse Collar
15:57 Wheelbarrow
19:13 Scale Mail Armor
19:44 Sanctity
21:31 Forging
22:52 Redemption
25:18 Hand Cart
31:55 Devotion
32:15 Heresy
31:57 Atonement
33:58 Pikeman
34:39 Squires
35:20 Chain Mail Armor
37:25 Bow Saw
38:42 Town Watch
38:54 Gambesons
38:55 Arson
Erick14mar
8:35 Feudal Age
8:25 Loom
16:22 Horse Collar
18:15 Double-Bit Axe
19:23 Gold Mining
24:12 Castle Age
22:52 Fletching
23:09 Scale Barding Armor
23:04 Scale Mail Armor
23:29 Stone Mining
24:51 Forging
24:42 Padded Archer Armor
25:12 Heavy Plow
26:14 Bow Saw
29:46 Imperial Age
28:22 Bodkin Arrow
28:43 Leather Archer Armor
29:40 Stone Shaft Mining
30:13 Iron Casting
31:39 Chemistry
31:37 Crop Rotation
31:02 Gambesons
32:51 Two-Man Saw
31:54 Town Watch
32:49 Wheelbarrow
32:43 Pikeman
33:23 Squires
33:09 Arson
35:30 Fortified Wall
35:48 Halberdier
38:26 Conscription
38:57 Hand Cart
39:19 Chain Mail Armor
40:14 Bloodlines
44:41 Blast Furnace
43:39 Man-at-Arms
44:58 Hoardings
43:54 Sappers
45:20 Long Swordsman
46:26 Ironclad
48:02 Two-Handed Swordsman
Danilo Solari
11:11 Feudal Age
15:21 Castle Age
14:22 Horse Collar
14:47 Stone Mining
14:57 Gold Mining
16:43 Loom
18:02 Wheelbarrow
27:31 Hand Cart
32:24 Imperial Age
33:36 Conscription
33:32 Padded Archer Armor
35:13 Gold Shaft Mining
35:14 Heavy Plow
34:53 Elite Arambai
35:40 Husbandry
37:32 Bloodlines
37:30 Scale Barding Armor
38:00 Forging
38:41 Chain Barding Armor
37:43 Elite Battle Elephant
39:56 Iron Casting
39:25 Manipur Cavalry
39:26 Howdah
45:04 Blast Furnace
[SotC ]Risck
10:52 Feudal Age
12:07 Double-Bit Axe
14:59 Castle Age
12:59 Horse Collar
16:07 Bow Saw
22:53 Wheelbarrow
26:23 Imperial Age
24:46 Loom
26:47 Chemistry
29:01 Hand Cart
28:46 Fletching
32:58 Elite Skirmisher
33:35 Bodkin Arrow
33:41 Padded Archer Armor
34:42 Ballistics
39:33 Heavy Plow
40:19 Scale Mail Armor
40:30 Forging
41:30 Two-Man Saw
40:15 Pikeman
40:55 Squires
41:31 Conscription
41:37 Chain Mail Armor
41:23 Bracer
41:09 Halberdier
45:14 Leather Archer Armor
46:08 Plate Mail Armor
46:13 Iron Casting
46:14 Town Watch
47:01 Siege Engineers
47:40 Guilds
47:11 Houfnice
48:05 Wagenburg Tactics
49:11 Town Patrol
50:19 Bombard Tower
JairoElChigüi
10:09 Feudal Age
14:09 Castle Age
12:53 Double-Bit Axe
13:43 Loom
15:07 Wheelbarrow
15:22 Bow Saw
21:33 Fervor
27:47 Hand Cart
27:24 Gold Mining
27:24 Stone Mining
29:46 Fletching
30:08 Forging
30:04 Scale Barding Armor
32:38 Imperial Age
31:11 Forging
31:45 Gold Shaft Mining
31:00 Stone Mining
31:25 Scale Barding Armor
31:27 Husbandry
31:38 Bloodlines
30:49 Light Cavalry
32:56 Iron Casting
33:03 Iron Casting
32:15 Hussar
33:48 Chain Barding Armor
33:07 Cavalier
34:49 Blast Furnace
34:15 Conscription
35:07 Plate Barding Armor
35:51 Two-Man Saw
34:33 Horse Collar
35:42 Coinage
34:58 Savar
35:58 Town Watch
36:14 Fletching
37:04 Town Patrol
37:00 Bodkin Arrow
37:44 Heavy Plow
39:04 Banking
38:35 Caravan
38:45 Guilds
38:53 Citadels
39:19 Hoardings
39:59 Kamandaran
41:02 Chemistry
40:23 Ballistics
39:59 Murder Holes
40:14 Masonry
42:14 Stone Shaft Mining
42:12 Crop Rotation
45:01 Block Printing
48:13 Architecture
49:23 Elite War Elephant
jj
6:16 Loom
9:04 Feudal Age
12:36 Fletching
15:14 Town Watch
15:27 Double-Bit Axe
18:11 Horse Collar
22:23 Castle Age
23:23 Bow Saw
24:41 Fortified Wall
29:13 Wheelbarrow
33:28 Imperial Age
31:01 Heavy Plow
31:56 Masonry
33:19 Pikeman
33:59 Squires
34:26 Ironclad
35:14 Chemistry
34:25 Heavy Scorpion
35:04 Capped Ram
35:54 Scale Mail Armor
36:05 Forging
36:20 Crenellations
36:21 Conscription
35:32 Halberdier
35:57 Gambesons
37:24 Chain Mail Armor
38:01 Arson
39:29 Plate Mail Armor
39:34 Iron Casting
40:16 Ballistics
40:51 Bodkin Arrow
44:58 Blast Furnace
45:11 Block Printing
45:11 Redemption
Connection lost

Rejoining the realm…

Still unreachable

The connection could not be restored.

Session expired

The server has moved on; the page needs a fresh start.